 Dungeon Crawl Stone Soup version 0.30-a0-718-geaa24f58ff (webtiles) character file.

Game seed: 13225277446182847723

749 Ijustatesigmund the Shooter (level 7, -4/40 HPs)
             Began as a Deep Elf Hedge Wizard on Jan 25, 2023.
             Slain by an ice beast (12 damage)
             ... on level 6 of the Dungeon.
             The game lasted 00:14:14 (6406 turns).

Ijustatesigmund the Shooter (Deep Elf Hedge Wizard) Turns: 6406, Time: 00:14:14

Health: -4/40      AC:  3    Str:  7    XL:     7   Next: 48%
Magic:  5/18       EV: 18    Int: 21    God:
Gold:   273        SH:  0    Dex: 14    Spells: 14/18 levels left

rFire   + . .      SeeInvis .    w - +0 shortbow
rCold   . . .      Faith    .    (shield currently unavailable)
rNeg    . . .      Spirit   .    b - +1 robe
rPois   .          Reflect  .    c - +0 hat
rElec   .          Harm     .    (no cloak)
rCorr   .          Rampage  .    (no gloves)
Will    .....                    (no boots)
Stlth   ++                       (no amulet)
HPRegen 0.26/turn                f - ring of protection from fire
MPRegen 0.16/turn                n - +5 ring of evasion

@: no status effects
A: no striking features
a: no special abilities


You were on level 6 of the Dungeon.
You visited 1 branch of the dungeon, and saw 7 of its levels.

You collected 273 gold pieces.

Inventory:

Hand Weapons
 a - a +5 short sword
 i - a +0 sling
 w - a +0 shortbow (weapon)
Armour
 b - a +1 robe (worn)
 c - a +0 hat (worn)
Jewellery
 f - a ring of protection from fire (left hand)
 n - a +5 ring of evasion (right hand)
 p - a ring of willpower
 s - a ring of willpower
 u - a ring of protection from cold
Scrolls
 j - a scroll of fog
 m - a scroll of poison
 o - 2 scrolls of fear
 v - a scroll of blinking
 x - a scroll of immolation
Potions
 d - 2 potions of magic
 e - 2 potions of lignification
 g - a potion of attraction
 h - a potion of might
 k - a potion of brilliance
 l - 4 potions of curing
 q - 2 potions of cancellation {unknown}
 r - a potion of haste {unknown}


   Skills:
 + Level 2.5 Fighting
 - Level 7.0 Ranged Weapons
 - Level 2.9 Dodging
 - Level 2.4 Stealth
 + Level 6.2 Spellcasting
 + Level 4.2 Conjurations
 - Level 1.1 Summonings
 - Level 1.1 Translocations


You had 14 spell levels left.
You knew the following spells:

 Your Spells              Type           Power      Damage    Failure   Level
a - Magic Dart            Conj           96%        1d7       1%          1
b - Mephitic Cloud        Conj/Pois/Air  12%        N/A       16%         3

Your spell library contained the following spells:

 Spells                   Type           Power      Damage    Failure   Level
 Apportation              Tloc           22%        N/A       6%          1
 Summon Small Mammal      Summ           44%        N/A       6%          1
 Necrotise                Necr           24%        1d5       10%         1
 Slow                     Hex            24%        N/A       10%         1
 Blink                    Tloc           22%        N/A       10%         2
 Call Imp                 Summ           11%        N/A       10%         2
 Cigotuvi's Dreadful Rot  Necr/Pois/Air  12%        N/A       14%         2
 Vampiric Draining        Necr           6%         2d6       28%         3
 Agony                    Necr           6%         N/A       95%         5


Dungeon Overview and Level Annotations

Branches:
Dungeon (7/15)
 Temple: D:4-7

Altars:
Cheibriados
Dithmenos
Fedhas
Hepliaklqana
Nemelex Xobeh

Annotations:
D:4 1 runed translucent door, Crazy Yiuf
D:7 Prince Ribbit


Message History

Aim: an ice beast (severely wounded, 100% to hit)
The magic dart hits the ice beast.
The ice beast is severely wounded.
The ice beast misses you.
Casting: Magic Dart (safe; 1% risk of failure)
Confirm with . or Enter, or press ? or * to list all spells.
Aiming: Magic Dart (safe; 1% risk of failure)
Press: ? - help, Shift-Dir - straight line, f/p - ice beast
Aim: an ice beast (severely wounded, 100% to hit)
The magic dart hits the ice beast but does no damage.
The ice beast is severely wounded.
The ice beast misses you.
Casting: Magic Dart (safe; 1% risk of failure)
Confirm with . or Enter, or press ? or * to list all spells.
Aiming: Magic Dart (safe; 1% risk of failure)
Press: ? - help, Shift-Dir - straight line, f/p - ice beast
Aim: an ice beast (severely wounded, 100% to hit)
The magic dart hits the ice beast.
The ice beast is almost dead.
The ice beast misses you.
Casting: Magic Dart (safe; 1% risk of failure)
Confirm with . or Enter, or press ? or * to list all spells.
Aiming: Magic Dart (safe; 1% risk of failure)
Press: ? - help, Shift-Dir - straight line, f/p - ice beast
Aim: an ice beast (almost dead, 100% to hit)
The magic dart hits the ice beast.
The ice beast is almost dead.
The ice beast hits you. The ice beast freezes you!
* * * LOW HITPOINT WARNING * * *
Casting: Magic Dart (safe; 1% risk of failure)
Confirm with . or Enter, or press ? or * to list all spells.
Aiming: Magic Dart (safe; 1% risk of failure)
Press: ? - help, Shift-Dir - straight line, f/p - ice beast
Aim: an ice beast (almost dead, 100% to hit)
The magic dart hits the ice beast but does no damage.
The ice beast is almost dead.
The ice beast hits you.
* * * LOW HITPOINT WARNING * * *
The ice beast freezes you!
You die...

.... ###
##...# !.
..... $.
##.###$..###.
............
... .....#
#.. #Y#.#
##..####.@# .
.........## #
.##
####.###.## .
..#
#.......##
.##.#
#....###.#
..#.##.....
#.#
#l#..##.##.
#.# .J#..##
#. #.# .F5..#
.. .#


You could see an ice beast.

Vanquished Creatures
  A phantom (D:5)
  2 bullfrogs
  A necrophage (D:5)
  2 scorpions
  3 orc priests
  2 hounds
  An iguana (D:6)
  An orc wizard (D:7)
  5 adders
  3 gnolls
  An ufetubus (D:5)
  A worm (D:2)
  4 dart slugs
  8 orcs
  5 ball pythons
  5 endoplasms
  2 giant cockroaches
  6 goblins
  5 hobgoblins
  5 jackals (D:1)
  5 quokkas
  5 bats
  2 frilled lizards (D:2)
  3 kobolds
  5 rats
83 creatures vanquished.

Notes
Turn   | Place    | Note
-------+----------+-------------------------------------------
     0 | D:1      | Ijustatesigmund the Deep Elf Hedge Wizard began the quest
                  | for the Orb.
     0 | D:1      | Reached XP level 1. HP: 10/10 MP: 7/7
   360 | D:1      | Reached XP level 2. HP: 16/16 MP: 4/9
  1589 | D:1      | Reached XP level 3. HP: 20/20 MP: 4/11
  2222 | D:2      | Reached skill level 1 in Fighting
  2375 | D:2      | Reached skill level 5 in Spellcasting
  2957 | D:2      | Reached XP level 4. HP: 8/25 MP: 5/13
  3734 | D:3      | Found a faded altar of an unknown god.
  3805 | D:3      | Found a sparkling altar of Nemelex Xobeh.
  3812 | D:3      | Found a hazy altar of Hepliaklqana.
  3932 | D:3      | Reached skill level 1 in Ranged Weapons
  4352 | D:4      | Found a blossoming altar of Fedhas.
  4520 | D:4      | Found a snail-covered altar of Cheibriados.
  4574 | D:4      | Noticed a scorpion
  4587 | D:4      | Killed a scorpion
  4588 | D:4      | Reached skill level 3 in Ranged Weapons
  4588 | D:4      | Reached XP level 5. HP: 22/29 MP: 5/14
  4691 | D:4      | Found a runed translucent door.
  4692 | D:4      | Noticed Crazy Yiuf
  4892 | D:4      | Reached skill level 4 in Ranged Weapons
  5265 | D:5      | Entered Level 5 of the Dungeon
  5280 | D:4      | Reached skill level 5 in Ranged Weapons
  5396 | D:4      | Reached XP level 6. HP: 19/34 MP: 12/15
  5573 | D:5      | Found a shadowy altar of Dithmenos.
  5607 | D:5      | Reached skill level 6 in Ranged Weapons
  5650 | D:5      | Reached skill level 7 in Ranged Weapons
  5701 | D:5      | Learned a level 3 spell: Mephitic Cloud
  5893 | D:5      | You fall into a shaft and drop 2 floors!
  6064 | D:7      | Noticed Prince Ribbit
  6116 | D:7      | Reached XP level 7. HP: 26/39 MP: 17/17
  6406 | D:6      | Slain by an ice beast

Illustrated notes

Levels and vault maps discovered:
D:1:      wheals_arrival_linesprint, layout_loops_cross,
          serial_co_window_serial, co_window_corner_a, co_window_paths_b,
          co_window_corner_a, co_window_corner_a, co_window_of_opportunity_a,
          co_window_of_opportunity_b, co_window_corner_cb,
          co_window_unsneaky_path_d, co_window_cross_3, co_window_4corner_b,
          glass_columns_c, glass_columns_a, glass_columns_b, glass_columns_a
D:2:      layout_basic, serial_rivers, chequers_serial_rivers_small_b,
          chequers_serial_rivers_micro_b, chequers_serial_rivers_micro_d,
          chequers_serial_rivers_micro_d, chequers_serial_rivers_small_b,
          chequers_serial_rivers_large_b, patterned_corridor
D:3:      layout_basic, amethyst_overflow_temple_binary, basic_ecumenical_altar
D:4:      layout_loops_corners, old_standard_altar, lemuel_tele_altar,
          eino_tiny_chamber, uniq_crazy_yiuf_cottage
D:5:      layout_rooms, mainiacjoe_overflow_boulevard,
          minmay_temple_entry_gardened_gates
D:6:      minmay_evil_eye, layout_loops_ring,
          nicolae_ossuary_entry_false_entrances
D:7:      layout_basic, uniq_prince_ribbit1

Skill      XL: |  1  2  3  4  5  6  7 |
---------------+----------------------+-----
Conjurations   | 2 3 4 |  4.2
Fighting       | 1 2 |  2.5
Spellcasting   | 5 6 |  6.2
Ranged Weapons | 3 5 7 |  7.0
Dodging        | |  2.9
Stealth        | |  2.4
Summonings     | |  1.1
Translocations | |  1.1

Action                     |  1- 3 |  4- 6 |  7- 9 || total
---------------------------+-------+-------+-------++-------
  Melee: Dagger            |     4 |       |       ||     4
         Short sword       |       |    23 |       ||    23
         Punch             |       |     1 |       ||     1
   Fire: Sling             |    70 |    52 |       ||   122
         Shortbow          |       |    16 |     9 ||    25
   Cast: Magic Dart        |    63 |    75 |    38 ||   176
         Mephitic Cloud    |       |       |     1 ||     1
    Use: Scroll            |     8 |    10 |     2 ||    20
         Potion            |       |     4 |     1 ||     5
 Armour: Robe              |     5 |    10 |     3 ||    18
  Dodge: Dodged            |    44 |    88 |    36 ||   168

Table legend: (Time is in decaauts)
 A = Elapsed time spent in this place.
 B = Non-inter-level travel time spent in this place.
 C = Inter-level travel time spent in this place.
 D = Time resting spent in this place.
 E = Time spent auto-exploring this place.
 F = Levels seen in this place.
 G = Mean time per level.
                   A        B        C        D        E       F      G
               +--------+--------+--------+--------+--------+-----+--------+
         Total |   6488 |   6239 |    249 |   1936 |   3471 |   7 |  926.9 |
       Dungeon |   6488 |   6239 |    249 |   1936 |   3471 |   7 |  926.9 |
               +--------+--------+--------+--------+--------+-----+--------+

Top non-repeatable levels by time:
     D:1: 2196 daAuts
     D:4: 1440 daAuts
     D:2: 1230 daAuts
     D:3: 744 daAuts
     D:7: 373 daAuts
     D:5: 361 daAuts
     D:6: 142 daAuts
